Map: Simulacrum LE

Players

FckVwls

  • Race: Zerg Zerg
  • League: Diamond
  • Spawn Location: 5:00

ViBE - Winner!

  • Race: Terran Terran
  • League: Diamond
  • Spawn Location: 11:00

VOD

Have the link to the VOD?

Description

Time

  • Played on: Dec. 23, 2019, 5:51 a.m.
  • Length: 10:50
Show
View Real Time Build Order
Export as new Build Order

FckVwls Zerg 

Build Orders: Hatch First 

Get SALT Encoding   

  12  0:01  Drone  
  13  0:19  Overlord  
  13  0:21  Drone  
  14  0:38  Drone x2  
  16  0:52  Drone  
  16  0:56  Hatchery, Drone  
  17  1:04  Drone  
  18  1:16  Extractor  
  18  1:18  Spawning Pool  
  16  1:26  Drone x2  
  18  1:35  Drone  
  19  1:46  Drone  
  20  1:56  Drone  
  21  2:08  Hatchery  
  21  2:10  Queen  
  21  2:11  Zergling x4  
  24  2:17  Queen  
  26  2:23  Overlord  
  26  2:29  Metabolic Boost  
  26  2:36  Spore Crawler  
  25  2:38  Drone  
  25  2:40  Drone  
  28  2:46  Drone, Overlord  
  29  2:52  Drone x2  
  31  2:58  Overlord  
  31  3:03  Overlord  
  31  3:06  Drone  
  32  3:14  Drone x2  
  32  3:17  Spore Crawler  
  34  3:27  Drone  
  34  3:28  Drone x2  
  34  3:33  Drone x2  
  34  3:34  Queen, Drone  
  42  3:43  Queen  
  42  3:46  Drone x2  
  42  3:48  Pneumatized Carapace  
  46  3:53  Drone x2  
  46  3:55  Drone  
  49  3:56  Drone  
  50  4:05  Drone x4  
  54  4:10  Extractor  
  54  4:11  Extractor  
  52  4:17  Roach Warren  
  50  4:27  Drone x4  
  54  4:35  Zergling x2  
  54  4:37  Zergling x4  
  54  4:38  Overlord x4  
  57  4:49  Lair  
  57  4:55  Evolution Chamber  
  57  4:56  Queen x2  
  59  5:07  Drone x11  
  70  5:22  Zergling x2  
  70  5:23  Zergling x8  
  75  5:31  Zerg Ground Armor Level 1  
  75  5:33  Evolution Chamber  
  74  5:37  Queen  
  74  5:42  Drone x5  
  81  5:44  Extractor  
  81  5:45  Extractor  
  81  5:48  Glial Reconstitution  
  79  5:51  Baneling Nest  
  77  6:07  Roach  
  77  6:08  Roach  
  77  6:09  Overlord x5  
  72  6:15  Roach x2  
  72  6:16  Roach, Overlord  
  72  6:17  Overlord x2  
  70  6:19  Roach  
  70  6:20  Roach x2  
  70  6:21  Overlord x3  
  73  6:32  Roach x3  
  67  6:38  Roach x2  
  64  6:47  Roach x5  
  74  6:58  Extractor, Zerg Melee Weapons Level 1  
  71  7:17  Drone x5  
  76  7:29  Queen  
  76  7:30  Queen  
  76  7:31  Drone x6  
  76  7:35  Drone  
  87  7:37  Drone  
  87  7:39  Drone  
  89  7:53  Hatchery  
  89  7:56  Ravager x3  
  89  7:57  Ravager  
  93  7:58  Ravager  
  93  8:05  Queen x2  
  93  8:11  Centrifical Hooks  
  97  8:22  Roach x6  
  97  8:23  Roach  
  111  8:41  Queen  
  111  8:46  Drone x6  
  111  8:47  Drone  
  120  8:55  Drone x3  
  123  9:00  Queen  
  111  9:18  Roach  
  111  9:19  Roach x2  
  111  9:21  Drone  
  111  9:22  Hatchery, Drone  
  111  9:23  Drone  
  119  9:27  Overseer  
  119  9:34  Drone x2  
  121  9:53  Hatchery  
  121  9:54  Drone  
  121  9:55  Drone x11  
  121  9:59  Drone x2  
  129  10:00  Drone  
  119  10:13  Roach x7  
  118  10:22  Roach  
  118  10:23  Roach x3  
  118  10:28  Roach x3  
  114  10:29  Roach x3  
Show
View Real Time Build Order
Export as new Build Order

ViBE Terran - Winner!

Build Orders: 2 Factory, Reaper Expand 

Get SALT Encoding   

  12  0:00  SCV  
  13  0:13  SCV  
  14  0:17  Supply Depot  
  14  0:25  SCV  
  15  0:39  SCV  
  15  0:40  Barracks  
  16  0:49  Refinery  
  16  0:54  SCV  
  17  1:06  SCV  
  18  1:18  SCV  
  19  1:30  Orbital Command  
  19  1:32  Reaper  
  20  1:44  Command Center  
  20  1:54  Supply Depot  
  20  1:56  SCV  
  21  2:09  SCV  
  21  2:14  Factory  
  22  2:16  Refinery  
  22  2:23  SCV  
  22  2:26  Barracks Reactor  
  23  2:35  SCV  
  24  2:47  SCV  
  25  2:56  Supply Depot  
  25  3:00  SCV, Orbital Command  
  25  3:01  Factory  
  26  3:09  Hellion x2  
  30  3:18  Barracks Tech Lab  
  30  3:19  SCV  
  31  3:26  SCV  
  32  3:30  Supply Depot  
  32  3:32  SCV  
  33  3:38  SCV  
  34  3:44  Hellion x2  
  34  3:48  SCV  
  39  3:50  SCV, Cyclone  
  39  3:51  Infernal Pre-Igniter  
  43  3:56  Supply Depot  
  43  4:02  SCV x2  
  45  4:08  Hellion x2  
  49  4:18  SCV x2  
  49  4:23  Command Center  
  51  4:26  Supply Depot  
  51  4:33  Cyclone  
  51  4:35  SCV x2  
  51  4:37  Hellion  
  58  4:41  Hellion  
  60  4:47  SCV x2  
  60  4:49  Supply Depot  
  60  4:51  Refinery  
  60  4:52  Refinery  
  62  4:59  SCV x2  
  64  5:08  Cyclone  
  64  5:09  Hellion x2  
  71  5:15  Supply Depot x2  
  71  5:22  SCV x2  
  73  5:31  Hellion  
  73  5:32  Hellion  
  77  5:40  Cyclone  
  80  5:49  Command Center  
  80  5:55  Hellion x2  
  84  6:12  Cyclone  
  84  6:16  Hellion  
  84  6:17  SCV x2, Hellion  
  89  6:33  SCV  
  89  6:34  SCV  
  89  6:35  Orbital Command  
  91  6:41  Hellion x2  
  91  6:45  Cyclone  
  91  6:46  SCV x2  
  100  6:49  Factory  
  100  6:50  Factory  
  100  6:55  Factory  
  100  7:10  SCV x2  
  99  7:17  Cyclone  
  102  7:28  Mag-Field Accelerator  
  92  7:32  SCV x2  
  94  7:39  Supply Depot x3  
  94  7:41  Armory  
  94  7:42  Armory  
  94  7:44  SCV  
  94  7:45  SCV x2, Engineering Bay  
  94  7:49  Command Center  
  97  8:02  Factory Tech Lab  
  97  8:03  Factory Tech Lab  
  97  8:05  Factory Reactor  
  97  8:07  Cyclone  
  97  8:08  Hellion x2  
  104  8:14  SCV  
  104  8:15  SCV x2  
  107  8:30  SCV x3  
  107  8:33  Refinery  
  110  8:34  Refinery  
  110  8:36  Starport, Terran Ship Weapons Level 1, Terran Vehicle And Ship Armor Level 1  
  110  8:37  Planetary Fortress  
  110  8:41  Cyclone x3  
  111  8:42  SCV x3, Hellion x3  
  111  8:44  Hellion  
  128  9:04  SCV x3, Command Center  
  131  9:16  SCV  
  112  9:20  Cyclone x3  
  112  9:21  Hellion x4  
  129  9:25  Starport Tech Lab, Fusion Core  
  129  9:27  SCV  
  129  9:28  SCV x3  
  133  9:39  SCV  
  134  9:47  SCV x3  
  134  9:49  Starport x2  
  134  9:50  Starport x2  
  134  9:51  Hellion  
  134  9:52  SCV, Cyclone x3, Hellion  
  148  9:54  Hellion  
  148  9:59  SCV  
  148  10:00  SCV  
  148  10:01  SCV  
  148  10:04  SCV  
  146  10:11  SCV  
  146  10:13  SCV  
  146  10:24  Hellion x5  
  154  10:30  SCV  
  153  10:40  Starport Tech Lab x4  
Tags
 
Add a new tag
Caveats
  • Supply blocks, unpowered buildings, or Contaminate may cause inaccurate times.
  • Supply counts are checked every 10 seconds.